 Dungeon Crawl Stone Soup version 0.31-a0-175-g9f7f995f2b (webtiles) character file.

Game seed: 4639754397577852756

2159 Anon1729 the Trooper (level 9, -11/79 HPs)
             Began as a Minotaur Monk on June 16, 2023.
             Was a Follower of Uskayaw.
             Mangled by a komodo dragon (29 damage)
             ... on level 6 of the Dungeon.
             The game lasted 00:02:56 (6484 turns).

Anon1729 the Trooper (Minotaur Monk)                Turns: 6484, Time: 00:02:56

Health: -11/79     AC:  7    Str: 23    XL:     9   Next: 10%
Magic:  7/11       EV: 13    Int:  7    God:    Uskayaw [*.....]
Gold:   444        SH:  0    Dex: 16    Spells: 8/8 levels left

rFire   . . .        r - +1 dagger (venom)
rCold   . . .        d - orb {light}
rNeg    . . .        l - +0 scale mail
rPois   .            (helmet restricted)
rElec   .            (no cloak)
rCorr   .            (no gloves)
SInv    .            (no boots)
Will    .....        (no amulet) Stlth
                     f - +6 ring of strength
HPRegen 0.33/turn    (no ring)
MPRegen 0.12/turn

%: no passive effects
@: glowing
A: horns 2, retaliatory headbutt
a: Renounce Religion, Stomp


You were on level 6 of the Dungeon.
You worshipped Uskayaw.
Uskayaw was noncommittal.
You visited 2 branches of the dungeon, and saw 7 of its levels.

You collected 444 gold pieces.

Inventory:

Hand Weapons
 a - a +0 short sword
 r - a +1 dagger of venom (weapon)
Missiles
 h - a throwing net
Armour
 b - a +0 robe
 d - an orb of light (worn)
 l - a +0 scale mail (worn)
Jewellery
 f - a +6 ring of strength (left hand)
Wands
 w - a wand of mindburst (26)
 y - a wand of paralysis (14)
Scrolls
 j - 3 scrolls of amnesia
 m - a scroll of enchant weapon
 o - 3 scrolls of teleportation
 t - 2 scrolls of summoning {unknown}
 v - a scroll of brand weapon {unknown}
 x - a scroll of fear {unknown}
 A - a scroll of noise {unknown}
 B - a scroll of fog {unknown}
 D - a scroll of silence {unknown}
 E - a scroll of poison {unknown}
 F - a scroll of identify
Potions
 c - a potion of ambrosia
 e - a potion of resistance {unknown}
 g - 2 potions of heal wounds {unknown}
 i - 4 potions of brilliance {unknown}
 k - 3 potions of berserk rage {unknown}
 n - 3 potions of haste
 p - a potion of mutation {unknown}
 q - 2 potions of might {unknown}
 s - 2 potions of attraction {unknown}
 u - 6 potions of curing {unknown}
 z - a potion of magic {unknown}
 C - a potion of cancellation {unknown}


   Skills:
 + Level 7.4 Fighting
 + Level 6.8 Short Blades
 + Level 6.2 Armour
 + Level 6.7 Dodging
 + Level 5.2 Invocations


You had 8 spell levels left.
You didn't know any spells.
Your spell library contained the following spells:

 Spells                   Type           Power      Damage    Failure   Level
 Freeze                   Ice            0%         1d3       73%         1
 Magic Dart               Conj           0%         1d3       73%         1
 Call Imp                 Summ           0%         N/A       86%         2
 Cigotuvi's Dreadful Rot  Necr/Pois/Air  0%         N/A       86%         2
 Frozen Ramparts          Ice            0%         1d1       97%         3
 Hailstorm                Conj/Ice       0%         3d3       97%         3
 Ignite Poison            Fire/Tmut/Pois 0%         N/A       97%         3
 Mephitic Cloud           Conj/Pois/Air  0%         N/A       97%         3
 Freezing Cloud           Conj/Ice/Air   0%         6-21      100%        5
 Summon Forest            Summ/Tloc      0%         N/A       100%        5
 Summon Mana Viper        Hex/Summ       0%         N/A       100%        5
 Summon Cactus Giant      Summ           0%         N/A       100%        6


Dungeon Overview and Level Annotations

Branches:
Dungeon (6/15)             Temple (1/1) D:5

Altars:
Ashenzari
Elyvilon
Hepliaklqana
Kikubaaqudgha
Nemelex Xobeh
Okawaru
Sif Muna
Trog
Uskayaw
Vehumet
Zin
The Shining One

Shops:
D:1 *   D:4 *   D:6 :

Annotations:
D:6 1 runed translucent door, Takeo's ghost, novice TrDe


Innate Abilities, Weirdness & Mutations

You have a pair of horns on your head.
You reflexively headbutt those who attack you in melee.


Message History

The komodo dragon looks as sick as possible!
The komodo dragon is moderately wounded.
The komodo dragon bites you!!
You can now pass through a line of other dancers.
You hit the komodo dragon but do no damage.
The komodo dragon is moderately wounded.
The komodo dragon bites you!
You are too injured to fight recklessly!
You are too injured to fight recklessly!
You are too injured to fight recklessly!
You are too injured to fight recklessly!
You are too injured to fight recklessly!
You are too injured to fight recklessly!
You are too injured to fight recklessly!
You are too injured to fight recklessly!
You are too injured to fight recklessly!
You are too injured to fight recklessly!
You are too injured to fight recklessly!
You are too injured to fight recklessly!
You are too injured to fight recklessly!
You are too injured to fight recklessly!
You are too injured to fight recklessly!
You are too injured to fight recklessly!
You are too injured to fight recklessly!
You are too injured to fight recklessly!
You hit the komodo dragon but do no damage.
The komodo dragon looks as sick as possible!
You headbutt the komodo dragon, but do no damage.
The komodo dragon is moderately wounded.
You hit the komodo dragon but do no damage.
The komodo dragon looks as sick as possible!
The komodo dragon is moderately wounded.
The komodo dragon bites you!!
* * * LOW HITPOINT WARNING * * *
Aiming: Line Pass
Press: ? - help, Dir - move target The komodo dragon appears confused.
You can no longer pass through a line of other dancers.
The komodo dragon bites you!!
You die...

#.###.####### #... ..............
#### #.#...........
#.#)#########.# #.......######
#.#)###[..###..### #.............
#.#.##.....##....# #.............
#.#.#.....((#....###.......######
#.#.#.......#.....##.......#
....#.......##..@.##.......# #
#.####.....###..l.##.......# #
#.# ##...## ###..##.......######
#.# ####'########.##.............
#.# #.............##.............
#.# #.............##.............
#.# #.............###.#........##
#.# #.########+#### #.##########W
#.# #..### #.# #P


You could see a komodo dragon (confused, extremely poisoned).

Vanquished Creatures
  A troll (D:6)
  2 water moccasins (D:6)
  An orc warrior (D:6)
  2 ice beasts
  A black bear (D:5)
  A phantom (D:4)
  A kobold brigand (D:6)
  Blork the orc (D:6)
  A gnoll sergeant (D:5)
  3 scorpions
  3 killer bees (D:6)
  5 hounds
  2 jellies
  A sleepcap (D:6)
  Jessica (D:2)
  2 iguanas
  Terence (D:2)
  6 orc wizards
  12 adders
  3 gnolls (D:5)
  A shadow imp (D:5)
  2 ufetubi (D:5)
  A worm (D:2)
  A dart slug (D:1)
  19 orcs
  6 bats
  11 endoplasms
  A giant cockroach (D:2)
  4 hobgoblins
  9 jackals
  3 quokkas
  9 ball pythons
  3 frilled lizards
  7 goblins
  9 kobolds
  9 rats
145 creatures vanquished.

Notes
Turn   | Place    | Note
-------+----------+-------------------------------------------
     0 | D:1      | Anon1729 the Minotaur Monk began the quest for the Orb.
     0 | D:1      | Reached XP level 1. HP: 19/19 MP: 0/0
    67 | D:1      | Found Cysec's General Store.
   186 | D:1      | Reached XP level 2. HP: 27/27 MP: 1/1
   350 | D:1      | Reached skill level 1 in Armour
   441 | D:1      | Reached skill level 4 in Fighting
   441 | D:1      | Reached skill level 1 in Invocations
   443 | D:1      | Reached XP level 3. HP: 11/33 MP: 2/2
  1036 | D:2      | Found a faded altar of an unknown god.
  1173 | D:2      | Reached XP level 4. HP: 26/40 MP: 4/4
  1229 | D:2      | Noticed Jessica
  1235 | D:2      | Killed Jessica
  1293 | D:2      | Noticed Terence
  1308 | D:2      | Killed Terence
  1309 | D:2      | Reached XP level 5. HP: 34/47 MP: 5/5
  1985 | D:3      | Reached XP level 6. HP: 49/55 MP: 6/6
  2934 | D:4      | Found a white marble altar of Elyvilon.
  3036 | D:4      | Found Kysyqih's Lightly-Used Armoury.
  3195 | D:4      | Reached skill level 5 in Fighting
  3591 | D:5      | Entered Level 5 of the Dungeon
  3605 | D:5      | Reached XP level 7. HP: 45/61 MP: 8/8
  3946 | D:5      | Reached skill level 5 in Short Blades
  3946 | D:5      | Reached skill level 5 in Dodging
  4120 | D:5      | Found a staircase to the Ecumenical Temple.
  4151 | D:5      | Found an ancient bone altar of Kikubaaqudgha.
  4205 | D:5      | Found a bloodstained altar of Trog.
  4456 | D:5      | Reached skill level 6 in Fighting
  4706 | Temple   | Entered the Ecumenical Temple
  4798 | Temple   | Became a worshipper of Uskayaw the Reveller
  4798 | Temple   | Reached * piety under Uskayaw
  4836 | D:5      | Reached ** piety under Uskayaw
  4839 | D:5      | Reached XP level 8. HP: 68/70 MP: 9/9
  4845 | D:5      | Reached *** piety under Uskayaw
  5129 | D:6      | Reached skill level 5 in Armour
  5135 | D:6      | Reached **** piety under Uskayaw
  5140 | D:6      | Reached ***** piety under Uskayaw
  5706 | D:6      | Noticed Blork the orc
  5719 | D:6      | Killed Blork the orc
  5929 | D:6      | Found a runed translucent door.
  5929 | D:6      | Noticed Takeo's ghost (novice TrDe)
  6055 | D:6      | Reached skill level 7 in Fighting
  6089 | D:6      | Found Foostroq's Book Shoppe.
  6190 | D:6      | Noticed a troll
  6203 | D:6      | Killed a troll
  6204 | D:6      | Reached skill level 5 in Invocations
  6204 | D:6      | Reached XP level 9. HP: 60/79 MP: 11/11
  6454 | D:6      | Identified the +0 chain mail "Lipsiuno" {Str+2}
  6475 | D:6      | Noticed a komodo dragon
  6484 | D:6      | Mangled by a komodo dragon

Illustrated notes

Levels and vault maps discovered:
D:1:      nicolae_arrival_somewhat_less_tricky_arrival, layout_basic,
          serial_shops, shop, minmay_pentomino_x4
D:2:      layout_rooms, nicolae_ecumenical_oubliette, grunt_ministairs_10,
          minmay_unequal, uniq_jessica, uniq_terence
D:3:      layout_loops_corners, minmay_misc_feat_room, st_stairs_7
D:4:      layout_loops_ring, kennysheep_mini, minmay_shop_damaged
D:5:      layout_loops_corners, mainiacjoe_overflow_boulevard,
          mainiacjoe_overflow_brackets, minmay_temple_entry_glassed_door,
          kennysheep_diamond, small_statue_alley_b, grunt_ministairs_9,
          grunt_decor_cap, minmay_pentangle
D:6:      minmay_opposing_rooms, layout_basic, serial_curves, eino_curves_02,
          eino_curves_01, gammafunk_ghost_grave, serial_shops, shop,
          dk_noncrumbling_3, uniq_blork_the_orc
Temple:   dshaligram_water_room_temple

Skill      XL: |  1  2  3  4  5  6  7  8 |
---------------+-------------------------+-----
Armour         | 1 2 3 4 6 |  6.2
Fighting       | 4 5 6 7 |  7.4
Invocations    | 1 2 3 5 |  5.2
Dodging        | 4 5 6 |  6.7
Short Blades   | 4 5 6 |  6.8

Action                     |  1- 3 |  4- 6 |  7- 9 || total
---------------------------+-------+-------+-------++-------
  Melee: Short sword       |    96 |    30 |       ||   126
         Headbutt          |    27 |    45 |    56 ||   128
         Dagger            |       |   123 |   186 ||   309
 Invoke: Line Pass         |       |       |     1 ||     1
    Use: Scroll            |       |     2 |     1 ||     3
   Stab: Paralysed         |       |       |     5 ||     5
 Armour: Robe              |    13 |       |       ||    13
         Scale mail        |    16 |    40 |    44 ||   100
  Dodge: Dodged            |    67 |    48 |    85 ||   200

Table legend: (Time is in decaauts)
 A = Elapsed time spent in this place.
 B = Non-inter-level travel time spent in this place.
 C = Inter-level travel time spent in this place.
 D = Time resting spent in this place.
 E = Time spent auto-exploring this place.
 F = Levels seen in this place.
 G = Mean time per level.
                   A        B        C        D        E       F      G
               +--------+--------+--------+--------+--------+-----+--------+
         Total |   6379 |   6163 |    216 |    510 |   4896 |   7 |  911.3 |
       Dungeon |   6274 |   6088 |    186 |    510 |   4827 |   6 | 1045.7 |
        Temple |    105 |     76 |     29 |      0 |     69 |   1 |  105.0 |
               +--------+--------+--------+--------+--------+-----+--------+

Top non-repeatable levels by time:
     D:5: 1535 daAuts
     D:6: 1195 daAuts
     D:1: 1041 daAuts
     D:4: 958 daAuts
     D:3: 934 daAuts
     D:2: 609 daAuts
  Temple: 105 daAuts
